 Dungeon Crawl Stone Soup version 0.20-a0-2-g2b0e13a (webtiles) character file.

5282 Jarlath the Frost Mage (level 10, -5/50 HPs)
             Began as a Deep Elf Ice Elementalist on Oct 28, 2016.
             Was a Priest of Vehumet.
             Slain by an orc warrior
             ... wielding a +0 halberd
              (12 damage)
             ... on level 1 of the Orcish Mines.
             The game lasted 00:16:57 (11220 turns).

Jarlath the Frost Mage (Deep Elf Ice Elementalist) Turns: 11220, Time: 00:16:59

Health: -5/50      AC: 15    Str:  5    XL:     10   Next: 37%
Magic:  18/25      EV: 12    Int: 27    God:    Vehumet [***...]
Gold:   361        SH:  4    Dex: 15    Spells: 4 memorised, 15 levels left

rFire  x . .     SeeInvis .     L - +5 dagger (protect)
rCold  + . .     Gourm    .     m - +3 leather armour
rNeg   . . .     Faith    .     (no shield)
rPois  +         Spirit   .     E - +2 helmet {Int+3}
rElec  .         Reflect  +     f - +2 cloak
rCorr  .         Harm     .     J - +1 pair of gloves
MR     +....                    e - +0 pair of boots {Fly}
Stlth  ++........               x - +4 amulet of reflection
                                H - ring of ice
                                j - ring of poison resistance

@: flying
A: no striking features
a: Renounce Religion, Stop Flying


You were on level 1 of the Orcish Mines.
You worshipped Vehumet.
Vehumet was most pleased with you.
You were not hungry.

You visited 3 branches of the dungeon, and saw 12 of its levels.

You collected 741 gold pieces.
You spent 380 gold pieces at shops.

Inventory:

Hand Weapons
 L - a +5 dagger of protection (weapon)
Armour
 e - a +0 pair of boots of flying (worn)
 f - a +2 cloak (worn)
 m - a +3 leather armour (worn)
 E - a +2 helmet of intelligence (worn)
 J - a +1 pair of gloves (worn)
Magical Staves
 I - an uncursed staff of earth
Jewellery
 j - a ring of poison resistance (left hand)
 k - an uncursed ring of protection from magic
 x - a +4 amulet of reflection (around neck)
 H - a ring of ice (right hand)
Wands
 g - a wand of confusion (20/48)
 y - a wand of acid (0/15)
 A - a wand of flame (25/48)
Scrolls
 c - a scroll of remove curse
 D - 2 scrolls of amnesia
 F - 2 scrolls of teleportation
Potions
 a - a potion of degeneration
 h - 2 potions of heal wounds
 i - 2 potions of brilliance
 n - a potion of curing
 o - 2 potions of magic
 p - a potion of agility
 s - a potion of might {unknown}
 t - 3 potions of ambrosia {unknown}
 u - a potion of haste {unknown}
 v - a potion of lignification {unknown}
 z - 2 potions of invisibility {unknown}
 B - a potion of cancellation {unknown}
Books
 b - a book of Frost

   Spells                             Type                      Level
   a - Freeze                         Ice                          1
   b - Throw Frost                    Conjuration/Ice              2
   c - Ozocubu's Armour               Charms/Ice                   3
   d - Throw Icicle                   Conjuration/Ice              4
   e - Summon Ice Beast               Ice/Summoning                4
Comestibles
 d - 10 fruits
 l - 2 meat rations
 q - a bread ration
 r - 2 chunks of flesh
 w - a beef jerky


   Skills:
 - Level 2.5 Dodging
 - Level 2.7 Stealth
 * Level 9.4 Spellcasting
 - Level 7.1 Conjurations
 - Level 6.9 Summonings
 - Level 11.6 Ice Magic


You had 15 spell levels left.
You knew the following spells:

 Your Spells              Type           Power        Failure   Level  Hunger
a - Freeze                Ice            ####         1%          1    None
b - Ozocubu's Armour      Chrm/Ice       ######..     1%          3    None
c - Throw Icicle          Conj/Ice       #######.     1%          4    None
d - Summon Ice Beast      Ice/Summ       #######.     1%          4    None


Dungeon Overview and Level Annotations

Branches:
Dungeon (10/15)            Temple (1/1) D:4            Lair (0/6) D:8
    Orc (1/2) D:9

Altars:
Ashenzari
Cheibriados
Dithmenos
Elyvilon
Fedhas
Gozag
Hepliaklqana
Kikubaaqudgha
Makhleb
Nemelex Xobeh
Okawaru
Qazlal
Ru
Sif Muna
Trog
Uskayaw
Vehumet
Xom
Yredelemnul
Zin
The Shining One
Beogh

Shops:
D:5 [:[[


Message History

Unknown command.
Casting: Throw Icicle
Confirm with . or Enter, or press ? or * to list all spells.
Aiming: Throw Icicle
Press: ? - help, Shift-Dir - straight line, f - orc wizard
Aim: an orc wizard, wielding a dagger and wearing a robe You feel a surge of power!
The shard of ice hits the orc wizard.
The orc wizard is almost dead.
The orc warrior hits you from afar with a halberd!
* * * LOW HITPOINT WARNING * * *
Unknown command.
As you read the scroll of fear, it crumbles to dust.
You assume a fearsome visage.
The orc warrior resists with some effort.
The orc priest looks frightened!
The orc wizard looks frightened!
The orc wizard mumbles some strange words.
The orc wizard flickers and vanishes!
Deactivating autopickup; reactivate with Ctrl-A.
The orc warrior hits you from afar with a halberd!
You die...

##.......#.#..#........
#####......>.###..........
####..#...###o...#......#....
##.#.......##..........###....
#..........###.#......#####...
##.........##...........# ....
###..#....##..o..#.....#
####.....#{.o.##.....#
##.#...@)..###......
#.##......# #.#.....
###......## ##....# #.....##
... ##...## ##.## ###


You could see an orc warrior, an orc priest (fleeing) and an orc wizard.

Vanquished Creatures
  3 orc sorcerers (Orc:1)
  The ghost of Stef the Conjurer, a novice DEEn of Vehumet (D:8)
  2 wyverns
  A warg (Orc:1)
  5 orc warriors
  3 sky beasts
  A black bear (D:8)
  3 ice beasts
  3 ogres
  A phantom (D:8)
  A centaur (D:10)
  A big kobold (D:7)
  2 bullfrogs
  3 scorpions
  13 killer bees
  An electric eel (D:9)
  2 crimson imps
  2 bullfrog zombies
  A quasit (D:5)
  A centaur skeleton (D:10)
  5 hounds
  2 orc priests
  4 orc wizards (D:8)
  Jessica (D:2)
  A bullfrog skeleton (D:5)
  Ijyb (D:1)
  An iguana (D:4)
  5 worker ants
  A hound zombie (D:8)
  A worker ant zombie (D:5)
  Robin (D:3)
  6 adders
  2 oozes
  2 adder skeletons
  3 worms
  2 dart slugs
  7 leopard geckos
  28 orcs
  3 ball pythons
  7 bats
  5 giant cockroaches
  18 goblins
  3 hobgoblins
  13 jackals
  A quokka (D:5)
  4 frilled lizards
  A jackal skeleton (D:4)
  A jackal zombie (D:5)
  9 kobolds
  A quokka skeleton (D:7)
  7 rats
  5 fungi (D:5)
201 creatures vanquished.

Vanquished Creatures (collateral kills)
  An orc (Orc:1)
1 creature vanquished.

Vanquished Creatures (others)
  A fulminant prism (D:8)
1 creature vanquished.

Grand Total: 203 creatures vanquished

Notes
Turn   | Place    | Note
-------+----------+-------------------------------------------
     0 | D:1      | Jarlath the Deep Elf Ice Elementalist began the quest for the Orb.
     0 | D:1      | Reached XP level 1. HP: 10/10 MP: 6/6
   185 | D:2      | Noticed Jessica
   189 | D:2      | Noticed Ijyb
   193 | D:2      | Killed Jessica
   193 | D:2      | Reached skill level 4 in Ice Magic
   193 | D:2      | Reached XP level 2. HP: 14/15 MP: 2/8
   193 | D:2      | Reached XP level 3. HP: 18/19 MP: 2/10
   230 | D:1      | Killed Ijyb
   819 | D:1      | Reached XP level 4. HP: 22/24 MP: 6/12
   878 | D:2      | Learned a level 3 spell: Ozocubu's Armour
   884 | D:2      | Learned a level 4 spell: Throw Icicle
   938 | D:2      | Found a blossoming altar of Fedhas.
  1018 | D:2      | Found a shadowy altar of Dithmenos.
  1213 | D:2      | Reached skill level 5 in Ice Magic
  1424 | D:2      | Found a white marble altar of Elyvilon.
  1424 | D:2      | Found a shimmering altar of Xom.
  1917 | D:3      | Found a hazy altar of Hepliaklqana.
  1935 | D:4      | Learned a level 4 spell: Summon Ice Beast
  1945 | D:4      | Reached XP level 5. HP: 28/28 MP: 5/14
  2028 | D:4      | Found a staircase to the Ecumenical Temple.
  2060 | D:4      | Found a shattered altar of Ashenzari.
  2066 | D:4      | Found an iron altar of Okawaru.
  2118 | Temple   | Entered the Ecumenical Temple
  2236 | Temple   | Became a worshipper of Vehumet
  2294 | D:4      | Reached skill level 5 in Spellcasting
  2496 | D:4      | Reached skill level 1 in Summonings
  2881 | D:4      | Reached XP level 6. HP: 32/32 MP: 7/15
  3199 | D:3      | Found a shattered altar of Ashenzari.
  3268 | D:3      | Noticed Robin
  3410 | D:3      | Killed Robin
  3411 | D:3      | Reached * piety under Vehumet
  3411 | D:3      | Offered knowledge of Flame Tongue by Vehumet.
  3829 | D:4      | Found a glowing golden altar of the Shining One.
  3871 | D:5      | Entered Level 5 of the Dungeon
  3976 | D:5      | Found Duda Hekk's Armour Boutique.
  3994 | D:5      | Bought a +1 helmet of intelligence for 181 gold pieces
  4012 | D:5      | Found Butadeasm's Book Shoppe.
  4158 | D:5      | Reached XP level 7. HP: 27/36 MP: 16/16
  4345 | D:5      | Found Jacvyimp's Antique Armour Boutique.
  4576 | D:5      | Found Eqado's Antique Armour Emporium.
  4610 | D:5      | Reached skill level 5 in Conjurations
  4666 | D:5      | Found a blossoming altar of Fedhas.
  4845 | D:5      | Reached skill level 5 in Summonings
  5009 | D:6      | Got a polished dagger
  5022 | D:6      | Identified the +6 dagger "Loopy" {freeze, +Inv rC+ Str-2} (You found it on level 6 of the Dungeon)
  5069 | D:6      | Reached XP level 8. HP: 19/41 MP: 5/17
  5429 | D:6      | Found a sacrificial altar of Ru.
  5483 | D:6      | Offered knowledge of Sting by Vehumet.
  5563 | D:6      | Reached ** piety under Vehumet
  5863 | D:6      | Found a burning altar of Makhleb.
  6865 | D:7      | Reached skill level 6 in Ice Magic
  6995 | D:7      | You fall through a shaft for 3 floors!
  6995 | D:10     | Entered Level 10 of the Dungeon
  7533 | D:10     | Reached skill level 7 in Ice Magic
  7583 | D:9      | Lost strength.
  7992 | D:9      | Noticed a hippogriff
  8524 | D:8      | Noticed Stef's ghost (novice DEEn)
  8553 | D:8      | HP: 2/41 [killer bee (5)]
  8562 | D:8      | Reached XP level 9. HP: 29/45 MP: 5/18
  8570 | D:8      | Reached skill level 8 in Ice Magic
  8710 | D:8      | Killed Stef's ghost
  8953 | D:8      | Reached skill level 9 in Ice Magic
  9010 | D:8      | Found a staircase to the Lair.
  9240 | D:5      | Bought a pair of runed boots for 199 gold pieces
  9631 | D:8      | Reached skill level 10 in Ice Magic
  9980 | D:7      | Offered knowledge of Searing Ray by Vehumet.
  9980 | D:7      | Reached skill level 11 in Ice Magic
 10330 | D:8      | Found an opulent altar of Gozag.
 10331 | D:8      | Found a deep blue altar of Sif Muna.
 10719 | D:8      | Reached *** piety under Vehumet
 10876 | D:9      | Reached XP level 10. HP: 40/50 MP: 10/20
 10885 | D:9      | Found a staircase to the Orcish Mines.
 10897 | Orc:1    | Entered Level 1 of the Orcish Mines
 10897 | Orc:1    | Noticed an orc sorcerer
 10900 | Orc:1    | Killed an orc sorcerer
 11135 | Orc:1    | Noticed an orc sorcerer
 11136 | Orc:1    | Killed an orc sorcerer
 11159 | Orc:1    | Found a roughly hewn altar of Beogh.
 11173 | Orc:1    | Noticed an orc sorcerer
 11176 | Orc:1    | Killed an orc sorcerer
 11176 | Orc:1    | Offered knowledge of Sticky Flame by Vehumet.
 11220 | Orc:1    | Slain by an orc warrior

Vault maps used:
D:1:      lightli_arrival_windingriver
D:2:      marbit_many_paths, gammafunk_temple_overflow_wave,
          overflow_temple_1_default, uniq_iyjb, uniq_jessica
D:3:      lemuel_doored_altar, old_standard_altar, minmay_misc_feat_room,
          uniq_robin
D:4:      tso_oasis_becter, kennysheep_okawaru_gauntlet, lemuel_tele_altar
D:5:      serial_shops, nicolae_shop_trees, kennysheep_little_box, shop,
          nicolae_shop_crystal, first_bread, fedhas_altar_3
D:6:      hangedman_ru_absence, lightli_temple_of_fire, kennysheep_another_room
D:8:      gammafunk_temple_overflow_pools, lair_0_dummy
D:9:      orc_0_dummy, serial_glass, glass_columns_a, glass_columns_c,
          feat_on_display, uniq_erolcha
D:10:     hangedman_fish_farm
Temple:   nicolae_temple_figure_zero
Orc:1:    basic_altar

Skill      XL: |  1  2  3  4  5  6  7  8  9 10 |
---------------+-------------------------------+-----
Ice Magic      | 4 5 7 11 | 11.6
Spellcasting   | 4 5 9 |  9.4
Summonings     | 1 3 5 6 |  6.9
Conjurations   | 2 3 5 7 |  7.1
Dodging        | |  2.5
Stealth        | |  2.7

Action                   |  1- 3 |  4- 6 |  7- 9 | 10-12 || total
-------------------------+-------+-------+-------+-------++-------
Melee: Unarmed           |     6 |     9 |       |       ||    15
       Dagger            |       |    51 |   259 |    17 ||   327
 Cast: Freeze            |    28 |   129 |   113 |       ||   270
       Ozocubu's Armour  |       |    10 |     5 |       ||    15
       Throw Icicle      |       |     1 |    45 |    15 ||    61
       Summon Ice Beast  |       |       |       |     1 ||     1
Evoke: Wand              |       |       |    17 |       ||    17
  Use: Scroll            |       |    15 |    14 |     1 ||    30
       Potion            |       |     1 |     6 |       ||     7
 Stab: Sleeping          |       |     3 |     2 |       ||     5
  Eat: Chunk             |       |     8 |    11 |     1 ||    20
       Bread ration      |       |     1 |     3 |       ||     4
       Fruit             |       |       |     1 |     1 ||     2
Armor: Robe              |     7 |     4 |       |       ||    11
       Leather armour    |       |    71 |   162 |     7 ||   240
Dodge: Dodged            |    21 |   125 |   209 |    12 ||   367
Block: Other             |       |    13 |    60 |     5 ||    78
